 Dungeon Crawl Stone Soup version 0.16.1-11-g651b585 (webtiles) character file.

80 Magnus the Conjurer (level 4, -2/24 HPs)
             Began as a Deep Elf Conjurer on Apr 6, 2015.
             Slain by an orc wizard
             ... wielding a +0 dagger of freezing
              (4 damage)
             ... on level 3 of the Dungeon.
             The game lasted 00:09:04 (1966 turns).

Magnus the Conjurer (Deep Elf Conjurer)             Turns: 1966, Time: 00:09:04

Health: -2/24      AC:  3    Str:  5    XL:     4   Next: 18%
Magic:  7/15       EV: 14    Int: 21    God:
Gold:   148        SH:  0    Dex: 17    Spells: 3 memorised, 5 levels left

rFire  . . .     SeeInvis .     f - +0 dagger
rCold  . . .     Clarity  .     a - +0 robe
rNeg   . . .     SustAb   .     (no shield)
rPois  .         Gourm    .     (no helmet)
rElec  .         Spirit   .     (no cloak)
rCorr  .         Warding  .     (no gloves)
rMut   .         Stasis   .     m - +0 pair of boots
MR     .....                    (no amulet)
Stlth  ++........               (no ring)
                                k - +2 ring of dexterity

@: not resistant to hostile enchantments, unstealthy
A: no striking features
a: no special abilities


You were on level 3 of the Dungeon.
You were not hungry.

You visited 1 branch of the dungeon, and saw 3 of its levels.

You collected 148 gold pieces.

Inventory:

Hand weapons
 f - a +0 dagger (weapon)
Armour
 a - a +0 robe (worn)
 m - a +0 pair of boots (worn)
Jewellery
 k - a +2 ring of dexterity (left hand)
 q - an uncursed amulet of clarity {unknown}
Scrolls
 d - a scroll of magic mapping {unknown}
 e - 2 scrolls of identify {unknown}
 g - a scroll of teleportation {unknown}
 j - a scroll of fear {unknown}
 n - a scroll of random uselessness {unknown}
 o - a scroll of immolation {unknown}
Potions
 h - 2 potions of curing {unknown}
 i - a potion of flight {unknown}
 p - a potion of agility {unknown}
Books
 c - a book of Conjurations

   Spells                             Type                      Level
   a - Magic Dart                     Conjuration                  1
   b - Searing Ray                    Conjuration                  2
   c - Dazzling Spray                 Conjuration/Hexes            3
   d - Fulminant Prism                Conjuration/Hexes            4
   e - Iskenderun's Mystic Blast      Conjuration                  4
   f - Iskenderun's Battlesphere      Conjuration/Charms           5
Comestibles
 b - a bread ration
 l - a slice of pizza
 r - 2 chunks of flesh


   Skills:
 + Level 3.6 Dodging
 - Level 2.4 Stealth
 + Level 4.0 Spellcasting
 + Level 5.3 Conjurations


You had 5 spell levels left.
You knew the following spells:

 Your Spells              Type           Power        Failure   Level  Hunger
a - Magic Dart            Conj           ####         1%          1    None
b - Searing Ray           Conj           ####..       1%          2    #......
c - Dazzling Spray        Conj/Hex       ###.....     14%         3    ###....


Dungeon Overview and Level Annotations

Branches:
Dungeon (3/15)

Altars:
Sif Muna


Message History

A puff of flame appears from out of thin air!
The puff of flame hits the orc.
The orc dies!
A rat comes into view.
A puff of flame appears from out of thin air!
The puff of flame hits you!
Found a deep blue altar of Sif Muna.
The rat closely misses you. The rat closely misses you. The rat misses you.
Something hits you but does no damage. Something barely misses you.
Your magical contamination has completely faded away.
You hear some strange, mumbled words.
The puff of flame hits you! The magic dart hits you!
* * * LOW HITPOINT WARNING * * *
There is a stone staircase leading up here.
You can't go up here!
You completely miss something. Something hits you.
You die...

#....... #..._...# #
#.......#.# ##.....# .
.##...# .# ).##.###.#
####### .........#
#.....#
.......#####.###.####
...###.......r.<@...#
##.##########.#####.#
............>.#...#.###
##.###.###.##.#.#.#...#
#.# #.###.##.#.#.###.##
#.###.#...#....#......#
#..##.#.###############
##.##†#÷### #..#.....#


You could see a rat.

Vanquished Creatures
  3 adders (D:2)
  A giant gecko (D:1)
  2 oozes
  2 giant cockroaches (D:3)
  3 goblins
  9 hobgoblins
  6 jackals
  2 quokkas
  A ball python (D:1)
  5 bats
  3 giant newts (D:1)
  3 kobolds
  10 rats
50 creatures vanquished.

Vanquished Creatures (others)
  An orc (D:3)
1 creature vanquished.

Grand Total: 51 creatures vanquished

Notes
Turn   | Place    | Note
--------------------------------------------------------------
     0 | D:1      | Magnus, the Deep Elf Conjurer, began the quest for the Orb.
     0 | D:1      | Reached XP level 1. HP: 10/10 MP: 5/5
   236 | D:1      | Reached XP level 2. HP: 15/15 MP: 0/8
   876 | D:1      | Reached skill level 5 in Conjurations
  1049 | D:1      | Learned a level 2 spell: Searing Ray
  1203 | D:2      | Reached XP level 3. HP: 19/19 MP: 9/11
  1208 | D:2      | Learned a level 3 spell: Dazzling Spray
  1769 | D:3      | Reached XP level 4. HP: 22/24 MP: 2/14
  1952 | D:3      | Found a deep blue altar of Sif Muna.
  1966 | D:3      | Slain by an orc wizard

Action                   |  1- 3 |  4- 6 || total
-------------------------+-------+-------++-------
Melee: Unarmed           |    16 |       ||    16
       Dagger            |     2 |    27 ||    29
 Cast: Magic Dart        |    79 |    19 ||    98
       Searing Ray       |       |     1 ||     1
  Eat: Chunk             |     1 |     2 ||     3
